[ AOE2 MATCH · #494577926 ]
UnrankedLithuanians vs Muisca
Rival team · LOSS
[ REPLAY ANALYSIS · EXTRACTED FROM THE RECORDED GAME ]
Feudal
9:42
Castle
—
Imperial
—
| APM avg | 55.3 |
| APM peak | 98 |
| eAPM avg | 24.1 |
| Villagers / military | 27 / 10 |
Focus
⚔️ 37.5% · 🌾 62.5%
Scout Cavalry ×8 · Fishing Ship ×6 · Archer ×2
Feudal
8:31
Castle
—
Imperial
—
| APM avg | 57.2 |
| APM peak | 80 |
| eAPM avg | 24.2 |
| Villagers / military | 22 / 0 |
Focus
⚔️ 45.7% · 🌾 54.3%
Unknown (2550) ×10
Match map
Initial resources + every placement click. Lines = walls · curves = elevation contours. ◆ gold · ⬟ stone · ● berries · ✦ relic · ◌ wall gap
Your base· Open — 7t gap
Rododino's base· Open — unwalled flank
Smoothed initial terrain · ◌ = detected wall gap · hover for details
Inputs per minute
— [LW] Faneth - - Rododino
Build order — [LW] Faneth
77 actions detected in the replay
| 0:00 | Queue | Villager (Male) |
| 0:01 | Queue | Villager (Male) |
| 0:02 | Build | House |
| 0:02 | Queue | Villager (Male) |
| 0:02 | Queue | Villager (Male) |
| 0:03 | Build | House |
| 0:03 | Queue | Villager (Male) |
| 0:10 | Queue | Villager (Male) |
| 1:17 | Build | Lumber Camp |
| 1:28 | Queue | Villager (Male) |
| 2:43 | Queue | Villager (Male) |
| 3:05 | Build | Dock |
| 3:11 | Queue | Villager (Male) |
| 3:17 | Build | Palisade Wall |
| 3:18 | Build | Palisade Wall |
| 3:25 | Build | Palisade Wall |
| 3:27 | Build | Palisade Wall |
| 3:43 | Queue | Villager (Male) |
| 3:55 | Queue | Fishing Ship |
| 3:57 | Research | Loom |
| 4:05 | Build | House |
| 4:31 | Queue | Villager (Male) |
| 4:48 | Queue | Fishing Ship |
| 4:59 | Queue | Villager (Male) |
| 5:10 | Queue | Villager (Male) |
| 5:19 | Build | House |
| 5:20 | Queue | Villager (Male) |
| 5:45 | Queue | Fishing Ship |
| 5:58 | Build | House |
| 6:11 | Queue | Villager (Male) |
| 6:37 | Queue | Villager (Male) |
| 6:38 | Queue | Fishing Ship |
| 7:04 | Queue | Villager (Male) |
| 7:28 | Research | Feudal Age |
| 7:45 | Build | House |
| 7:46 | Build | House |
| 8:04 | Queue | Fishing Ship |
| 8:44 | Build | Barracks |
| 8:59 | Queue | Villager (Male) |
| 9:06 | Queue | Fishing Ship |
| 9:09 | Build | House |
| 9:11 | Build | Palisade Wall |
| 9:26 | Build | Palisade Wall |
| 9:42 | Age | Feudal Age |
| 9:43 | Build | Stable |
| 9:47 | Build | House |
| 9:49 | Research | Double-Bit Axe |
| 9:49 | Queue | Villager (Male) |
| 10:12 | Queue | Villager (Male) |
| 10:19 | Queue | Scout Cavalry |
| 10:25 | Build | Palisade Wall |
| 10:25 | Build | Palisade Wall |
| 10:29 | Build | Palisade Wall |
| 10:31 | Build | Palisade Wall |
| 10:31 | Build | Palisade Wall |
| 10:34 | Build | Palisade Wall |
| 10:43 | Queue | Scout Cavalry |
| 10:44 | Queue | Villager (Male) |
| 11:03 | Build | Archery Range |
| 11:08 | Build | House |
| 11:14 | Build | House |
| 11:18 | Build | Palisade Wall |
| 11:20 | Queue | Villager (Male) |
| 11:21 | Queue | Scout Cavalry |
| 11:30 | Queue | Scout Cavalry |
| 11:39 | Build | Mining Camp |
| 11:40 | Queue | Scout Cavalry |
| 11:44 | Queue | Archer |
| 11:49 | Queue | Villager (Male) |
| 12:09 | Queue | Villager (Male) |
| 12:34 | Queue | Villager (Male) |
| 13:08 | Queue | Archer |
| 13:18 | Queue | Scout Cavalry |
| 13:24 | Queue | Villager (Male) |
| 13:38 | Queue | Scout Cavalry |
| 13:45 | Queue | Villager (Male) |
| 13:54 | Queue | Scout Cavalry |
Build order — Rododino
48 actions detected in the replay
| 0:01 | Queue | Villager (Male) |
| 0:01 | Queue | Villager (Male) |
| 0:02 | Build | House |
| 0:03 | Build | House |
| 0:06 | Queue | Villager (Male) |
| 0:07 | Queue | Villager (Male) |
| 1:32 | Build | Settlement |
| 1:39 | Queue | Villager (Male) |
| 2:03 | Queue | Villager (Male) |
| 2:26 | Queue | Villager (Male) |
| 2:27 | Queue | Villager (Male) |
| 3:05 | Queue | Villager (Male) |
| 3:14 | Queue | Villager (Male) |
| 4:10 | Queue | Villager (Male) |
| 4:29 | Queue | Villager (Male) |
| 4:46 | Build | Barracks |
| 4:52 | Queue | Villager (Male) |
| 4:52 | Queue | Villager (Male) |
| 5:05 | Research | Loom |
| 5:27 | Research | Loom |
| 6:21 | Research | Feudal Age |
| 6:25 | Build | Settlement |
| 6:49 | Queue | Unit 2550 |
| 6:49 | Queue | Unit 2550 |
| 7:08 | Queue | Unit 2550 |
| 7:53 | Queue | Unit 2550 |
| 8:09 | Queue | Unit 2550 |
| 8:13 | Build | House |
| 8:31 | Age | Feudal Age |
| 8:36 | Build | Blacksmith |
| 8:51 | Queue | Villager (Male) |
| 9:03 | Research | Tech 1402 |
| 9:21 | Research | Scale Mail Armor |
| 9:22 | Queue | Villager (Male) |
| 9:30 | Queue | Villager (Male) |
| 9:45 | Queue | Unit 2550 |
| 10:00 | Queue | Villager (Male) |
| 10:00 | Queue | Villager (Male) |
| 10:14 | Queue | Villager (Male) |
| 10:47 | Queue | Villager (Male) |
| 10:59 | Build | Settlement |
| 12:27 | Queue | Villager (Male) |
| 12:30 | Queue | Unit 2550 |
| 12:46 | Build | Town Center |
| 13:08 | Build | House |
| 13:33 | Queue | Unit 2550 |
| 13:33 | Queue | Unit 2550 |
| 13:34 | Queue | Unit 2550 |
Match timeline
| 3:05 | [LW] Faneth · first_building Dock |
| 3:17 | [LW] Faneth · wall_segment Palisade Wall x1 |
| 3:18 | [LW] Faneth · wall_segment Palisade Wall x1 |
| 3:25 | [LW] Faneth · wall_segment Palisade Wall x1 |
| 3:27 | [LW] Faneth · wall_segment Palisade Wall x1 |
| 4:46 | Rododino · first_building Barracks |
| 8:31 | Rododino · age_up feudal |
| 8:44 | [LW] Faneth · first_building Barracks |
| 9:11 | [LW] Faneth · wall_segment Palisade Wall x1 |
| 9:26 | [LW] Faneth · wall_segment Palisade Wall x1 |
| 9:42 | [LW] Faneth · age_up feudal |
| 9:43 | [LW] Faneth · first_building Stable |
| 10:25 | [LW] Faneth · wall_segment Palisade Wall x1 |
| 10:25 | [LW] Faneth · wall_segment Palisade Wall x1 |
| 10:29 | [LW] Faneth · wall_segment Palisade Wall x1 |
| 10:31 | [LW] Faneth · wall_segment Palisade Wall x1 |
| 10:31 | [LW] Faneth · wall_segment Palisade Wall x1 |
| 10:34 | [LW] Faneth · wall_segment Palisade Wall x1 |
| 11:03 | [LW] Faneth · first_building Archery Range |
| 11:18 | [LW] Faneth · wall_segment Palisade Wall x1 |
| 13:54 | Rododino · resign |
[ AI ANALYSIS · 1 CREDIT ]
What really happened in this match?
Wolo.gg analyzes every decision: build order, eco, micro, common mistakes by bracket. Personalized analysis on WhatsApp or Discord in 30 seconds.
Civ guide
Lithuanians
Perfil
Jugador #4933344